Cogmind - Beta 11 @@@ ROGUE MODE // 2022.04.06 @ 20:51:36 Player: SURFACESEEKER Result: Destroyed by YI-UF0 with YI-UF0's Doublenader Performance ------------- Evolutions (0) 0 Regions Visited (2) 400 Robots Destroyed (9) 45 Value Destroyed (210) 210 Prototype IDs (0) 0 Alien Tech Used (0) 0 Bonus (0) 0 TOTAL SCORE: 655 Bonus ------- None Cogmind --------- Core Integrity 0/250 Matter 298/300 Energy 99/100 System Corruption 4% Temperature Cool (0) Movement Rolling (195) Ox7 Location -10/Mines Parts ------- > --- POWER (1) -------- (None) > --- PROPULSION (2) --- Armored Wheel > --- UTILITY (2) ------ Small Storage Unit Huge Storage Unit > --- WEAPON (2) ------- Light Assault Rifle > --- INVENTORY (25) --- Light Treads Light Treads Improved Aluminum Leg Improved Aluminum Leg Armored Wheel Cargo Storage Unit Launcher Guidance Computer Assault Rifle Light Assault Rifle Peak State ------------ > --- POWER ------------ Light Deuterium Engine > --- PROPULSION ------- Armored Wheel Armored Wheel > --- UTILITY ---------- Small Storage Unit Huge Storage Unit > --- WEAPON ----------- Light Assault Rifle Light Assault Rifle > --- INVENTORY -------- Light Treads Light Treads Improved Aluminum Leg Improved Aluminum Leg Armored Wheel Cargo Storage Unit Assault Rifle Light Assault Rifle [Rating: 12] Favorites ----------- Power Ion Engine Engine Ion Engine Power Core Light Nuclear Core Propulsion Armored Wheel Leg Aluminum Leg Wheel Armored Wheel Utility Light Armor Plating Storage Huge Storage Unit Protection Light Armor Plating Weapon Light Assault Rifle Ballistic Gun Light Assault Rifle Build | -11 -10 -10 ------- Run | Scr Mat Min Slots Evolved . | . . . Power . | . . . Propulsion . | . . . Utility . | . . . Weapon . | . . . Parts Attached 18 | 6 5 7 Power 4 | 1 . 3 Engine 3 | 1 . 2 Core 1 | . . 1 Reactor . | . . . Propulsion 5 | 2 2 1 Treads . | . . . Leg 2 | 2 . . Wheel 3 | . 2 1 Hover . | . . . Flight . | . . . Utility 4 | 1 2 1 Device . | . . . Storage 3 | 1 1 1 Processor . | . . . Hackware . | . . . Protection 1 | . 1 . Artifact . | . . . Weapon 5 | 2 1 2 Energy Gun . | . . . Energy Cannon . | . . . Ballistic Gun 5 | 2 1 2 Ballistic Cannon . | . . . Launcher . | . . . Special Weapon . | . . . Impact Weapon . | . . . Slashing Weapon . | . . . Piercing Weapon . | . . . Special Melee Weapon . | . . . Unidentified Prototypes . | . . . Parts Lost 9 | . . 9 Power 4 | . . 4 Propulsion 2 | . . 2 Utility 1 | . . 1 Weapon 2 | . . 2 Highest Loss Streak 6 | . . 6 To Critical Strikes . | . . . Average Slot Usage (%) 95 | . 95 95 Engine 13 | . 14 12 Leg 8 | . 16 . Wheel 18 | . 11 27 Storage 15 | . 14 16 Protection 10 | . 10 10 Ballistic Gun 28 | . 28 28 Naked Turns . | . . . Heaviest Build 92 | 12 91 92 Greatest Support 24 | 20 24 24 Greatest Overweight (x) 7 | 3 3 7 Average Overweight (x) 1 | . . 3 Largest Inventory Capacity 25 | 8 25 25 Average Capacity 16 | 6 11 25 Most Carried 14 | 4 10 14 Average Carried 7 | 2 5 12 Final Capacity 25 | 8 25 25 Final Carried 10 | 3 10 10 Class Distribution -------------------- 100% | Mutant Dominant Class ---------------- Mutant | -10/Materials Mutant | -10/Mines Resources | -11 -10 -10 ----------- Run | Scr Mat Min Matter Collected 474 | 150 167 157 Remotely . | . . . Salvage Created 272 | . 167 105 Parts 18 | . 6 12 Haulers Intercepted 1 | . 1 . Recyclers Shooed . | . . . Parts Field Recycled . | . . . Retrieved Matter . | . . . Parts Self-Destructed . | . . . Prevented . | . . . Kills | -11 -10 -10 ------- Run | Scr Mat Min Combat Hostiles Destroyed 8 | . 3 5 Guns 8 | . 3 5 Classes Destroyed 4 | . 2 2 Hauler 1 | . 1 . Swarmer 4 | . . 4 Grunt 3 | . 3 . Demolisher 1 | . . 1 Best Kill Streak 3 | . 2 3 Combat Bots Only 3 | . 2 3 Max Kills in Single Turn 1 | . 1 1 Gunslinging . | . . . Exploded . | . . . Melee . | . . . Uniques/NPCs Destroyed . | . . . Combat | -11 -10 -10 -------- Run | Scr Mat Min Damage Taken 1319 | . 199 1120 Core 261 | . 28 233 Absorbed by Shields . | . . . Core Remaining (%) 100 | 100 . . Volleys Fired 41 | . 15 26 Largest 2 | . 2 2 Hottest 40 | . 40 40 Shots Fired 79 | . 30 49 Gun 79 | . 30 49 Cannon . | . . . Launcher . | . . . Special . | . . . Kinetic 79 | . 30 49 Thermal . | . . . Explosive . | . . . Electromagnetic . | . . . Robot Hit Streak 10 | . 9 10 Robot Miss Streak 6 | . 4 6 Penetration Max . | . . . Secondary Targets 3 | . 1 2 Max Gunslinging Chain 1 | . 1 1 Shots Hit Robots 47 | . 20 27 Core Hits 27 | . 10 17 Critical Kills . | . . . Critical Parts Destroyed . | . . . Critical Strikes . | . . . Melee Attacks . | . . . Impact . | . . . Slashing . | . . . Piercing . | . . . Sneak Attacks . | . . . Combat Hostiles . | . . . Follow-up Attacks . | . . . Damage Inflicted 427 | . 178 249 Guns 427 | . 178 249 Cannons . | . . . Explosions . | . . . Melee . | . . . Ramming . | . . . Kinetic 427 | . 178 249 Thermal . | . . . Explosive . | . . . Electromagnetic . | . . . Impact . | . . . Slashing . | . . . Piercing . | . . . Highest Corruption 4 | . 4 4 Average Corruption 2 | . 1 4 Corruption Purged . | . . . Corruption Blocked . | . . . Effects 7 | . . 7 Message Errors 1 | . . 1 Matter Fused 2 | . . 2 Heat Flow Errors 2 | . . 2 Energy Discharges 2 | . . 2 Overload Shots . | . . . Overflow Damage . | . . . Projectiles . | . . . Explosions . | . . . Melee . | . . . Knockbacks . | . . . Impact . | . . . Kinetic . | . . . Secondary . | . . . Self-Inflicted Damage . | . . . Shots . | . . . Rammed . | . . . Targets Rammed . | . . . Kicked . | . . . Crushed . | . . . Highest Temperature 146 | . 66 146 Average Temperature 25 | . 22 27 Received Heat Transfer 117 | . 117 . Siege Activations . | . . . Robots Corrupted . | . . . Combat Hostiles . | . . . Parts Fried . | . . . Impact Corruptions . | . . . Robots Melted . | . . . Combat Hostiles . | . . . Parts Melted . | . . . Heat Transferred . | . . . Parts Sabotaged . | . . . Parts Stolen . | . . . Parts Stripped . | . . . Power Chain Reactions . | . . . Missiles Intercepted . | . . . Alert | -11 -10 -10 ------- Run | Scr Mat Min Peak Influence 125 | . 92 125 Initial 35 | . . 35 Average 62 | . 46 99 Maximum Alert Level . | . . . Low Security (%) 100 | 100 100 100 Level 1 . | . . . Level 2 . | . . . Level 3 . | . . . Level 4 . | . . . Level 5 . | . . . High Security . | . . . Max Security . | . . . Squads Dispatched . | . . . Investigation . | . . . Extermination . | . . . Reinforcement . | . . . Assault . | . . . Garrison . | . . . Intercept . | . . . Searches Triggered . | . . . Construction Impeded . | . . . Haulers Reinforced . | . . . Active Scanning Responses . | . . . Cargo Convoy Interrupts . | . . . Stealth | -11 -10 -10 --------- Run | Scr Mat Min Distress Signals . | . . . Communications Jammed . | . . . Distress Signals . | . . . Times Spotted 14 | . 7 7 Peak Tracking Total 4 | . 4 3 Tactical Retreats . | . . . Traps | -11 -10 -10 ------- Run | Scr Mat Min Traps Triggered 3 | . 3 . Indirectly . | . . . Trap Hack Attempts . | . . . Triggered . | . . . Disarmed . | . . . Reprogrammed . | . . . Reused . | . . . Traps Extracted . | . . . Installed . | . . . Triggered . | . . . Machines | -11 -10 -10 ---------- Run | Scr Mat Min Machines Disabled . | . . . Max in Single Turn . | . . . Machines Sabotaged . | . . . Garrisons Compromised . | . . . Overloaded Fab Kills . | . . . Hacking | -11 -10 -10 --------- Run | Scr Mat Min Machines Accessed . | . . . Terminals . | . . . Fabricators . | . . . Repair Stations . | . . . Recycling Units . | . . . Scanalyzers . | . . . Garrison Access . | . . . Total Hacks . | . . . Successful . | . . . Failed . | . . . Catastrophic . | . . . Database Lockouts . | . . . Manual . | . . . Terminals . | . . . Fabricators . | . . . Repair Stations . | . . . Recycling Units . | . . . Scanalyzers . | . . . Garrison Access . | . . . Terminal Hacks . | . . . Fabricator Hacks . | . . . Repair Station Hacks . | . . . Recycling Unit Hacks . | . . . Scanalyzer . | . . . Garrison Access Hacks . | . . . Unauthorized Hacks . | . . . Terminals . | . . . Fabricators . | . . . Repair Stations . | . . . Recycling Units . | . . . Scanalyzers . | . . . Garrison Access . | . . . Data Cores Recovered . | . . . Used . | . . . Hacking Detections . | . . . Full Trace Events . | . . . Feedback Events . | . . . Feedback Blocked . | . . . Robot Schematics Acquired . | . . . Robots Built . | . . . Authchips . | . . . Time . | . . . Total Robot Build Rating . | . . . Part Schematics Acquired . | . . . Parts Built . | . . . Authchips . | . . . Time . | . . . Total Part Build Rating . | . . . Parts Repaired . | . . . Time . | . . . Parts Recycled . | . . . Recycled Matter . | . . . Retrieved Matter . | . . . Retrieved Components . | . . . Parts Scanalyzed . | . . . Part Schematics Acquired . | . . . Parts Damaged . | . . . Bothacking | -11 -10 -10 ------------ Run | Scr Mat Min Used RIF Installer . | . . . Robots Hacked . | . . . Non-combat . | . . . Combat . | . . . Robot Hacks Applied . | . . . Relay Couplers Released . | . . . Fabnet Peak Effective % . | . . . Robots Rewired . | . . . Allies Hacked . | . . . Hacks Repelled . | . . . Allies | -11 -10 -10 -------- Run | Scr Mat Min Total Allies 1 | . . 1 Largest Group 1 | . . 1 Highest-Rated Group 31 | . . 31 Highest-Rated Ally 31 | . . 31 Total Orders . | . . . Ally Attacks 1 | . . 1 Total Damage 21 | . . 21 Kills . | . . . Allies Corrupted . | . . . Allies Melted . | . . . Intel | -11 -10 -10 ------- Run | Scr Mat Min Robot Analysis Total . | . . . Derelict Logs Recovered . | . . . Drone Launches . | . . . Drone Recoveries . | . . . Exploration | -11 -10 -10 ------------- Run | Scr Mat Min Turns Passed 695 | 82 326 287 Spaces Moved 442 | 66 222 154 Core 43 | 43 . . Treads . | . . . Legs 137 | 23 114 . Wheels 262 | . 108 154 Hover . | . . . Flight . | . . . Fastest Speed 50 | 50 90 135 Average Speed 121 | 106 115 135 Slowest Speed 200 | 200 135 195 Overloaded Moves . | . . . Propulsion Burnouts . | . . . Robots Hopped . | . . . Cave-ins Triggered . | . . . Exploration Rate (%) 20 | 3 31 26 Regions Visited 2 Branch Regions 1 Pre-discovered Areas 1 | . . 1 Known Exits Taken . | . . . Unknown Exits Taken 2 | 1 1 . Scrap Searched 1 | . . 1 Spaces Dug . | . . . Terrain Destroyed . | . . . Melee . | . . . Projectile . | . . . AOE . | . . . Terrain Rammed . | . . . Walls Destroyed . | . . . Machines Disabled . | . . . Actions | -11 -10 -10 --------- Run | Scr Mat Min Total 534 | 75 267 192 Wait 12 | . 12 . Move 440 | 65 221 154 Hop . | . . . Pick Up 18 | 4 10 4 Fast Attach 7 | 5 . 2 Attach 8 | 1 2 5 Detach 2 | . 1 1 Swap 3 | . 3 . Drop 3 | . 3 . Fire 41 | . 15 26 Melee . | . . . Ram . | . . . Kick . | . . . Crush . | . . . Escape Stasis . | . . . Rewire . | . . . Trap . | . . . Miscellaneous . | . . . Route ------- -11/Scrapyard -10/Materials -10/Mines History --------- Turn | Location | Event 8 | -11/Scrapyard | Discovered new exit (range 15) 83 | -11/Scrapyard | Entered Materials 316 | -10/Materials | Build established: Mutant 388 | -10/Materials | Discovered new exit (range 12) 409 | -10/Materials | Entered Mines 514 | -10/Mines | Escorted by a lone wolf Derelict 534 | -10/Mines | Learned location of Storage (-7) 585 | -10/Mines | Assembled infested the area 628 | -10/Mines | Core integrity fell below 50% 649 | -10/Mines | Core integrity fell below 20% 679 | -10/Mines | Lost 6 parts (3p1n1u1w) 696 | -10/Mines | Destroyed by YI-UF0 with YI-UF0's Doublenader Last Messages --------------- 00664_ The unstable cave ceiling collapses. 00664_ U-05 Engineer builds a Wall. 00665_ Acquired Launcher Guidance Computer. 00668_ U-05 Engineer lays Concrete. 00668_ Acquired 17 matter. 00669_ U-05 Engineer builds a Wall. 00670_ K-01 Serf collects debris. 00674_ The unstable cave ceiling collapses. 00674_ U-05 Engineer builds a Wall. 00678_ U-05 Engineer lays Concrete. 00679_ U-05 Engineer builds a Wall. 00684_ 1KUWZD&/QSNFY2AOYEBQ2Y%D&0FUFMMSJ 00684_ U-05 Engineer builds a Wall. 00688_ The unstable cave ceiling collapses. 00689_ Arm. Wheel destroyed. 00693_ The unstable cave ceiling collapses. 00693_ Lgt. Deuterium Engine destroyed. 00693_ Lgt. Assault Rifle destroyed. 00694_ U-05 Engineer builds a Wall. 00695_ The unstable cave ceiling collapses. Map ----- +----------------------------------------------------+ | ??????????????????????????????????????????? | | ??????????????????????????????????????????? | | ??????????????????????????????????????????? | | ??????????????????????????????????????????? | | ??????????????????????????????????????????? | | ????????????????##????????????????????????? | | ???????????????# ????????????????????????? | | ??????????????# ????????????????????????? | | ?????????????? ????????????????????????? | | ?????????????? ????????????????????????? | | ?????????????? ?????####???????????????? | | ?????????????? ???# ##?????????????? | | ??????????????# ???# ##????????????? | | ??????????????# #???# ##???????????? | | ?????????????## #??## ????????????? | | ?????????????? #### = ????????????? | | ?????????????? % g ?????????????? | | ?????????????### ### ?????????????? | | ?????????????# # # ## #??##?????????? | | ????????????## # # # ?? ##????????? | | ???????????## # # ## ##???????? | | ???????????# # # # # ##??????? | | ????????????# ##u# # ####???? | | ????????????# # ! #???? | | ????????????# # #??? | | ?????????????# =! # # @ #??? | | ?????????????# r #??? | | ?????????????## # ####????? | | ??????????????# # # ##???????? | | ??????????????### # ####????????? | | ????????????????# # ##???????????? | | ????????????????# ### ###????????????? | | ????????????????# # #??????????????? | | ????????????????# #??????????????? | | ????????????????## #?######???????? | | ?????????????????# !% #### ##??????? | | ?????????????????# ##?????? | | ????????????????## ##### =% #?????? | | ????????????????# ###???### #?????? | | ????????????????# # #???????## #?????? | | ????????????????# # #????????## ##?????? | | ????????????????#### #?????????####??????? | | ???????????????????# #???????????????????? | | ???????????????????#!%#???????????????????? | | ???????????????????# %#???????????????????? | | ???????????????????#! ######?????###??????? | | ???????????????????# #????## ##?????? | | ???????????????????# ###### #?????? | | ???????????????????###### #?????? | | ????????????????????????#########*= #?????? | +----------------------------------------------------+ Best States ------------- Heat Dissipation 25 Energy Generation 14 Energy Capacity 250 Matter Stores 300 Matter Capacity 300 Sight Range 16 Terrain Scan Density 10 Armor Coverage 150 Evasion (%) 55 Item Schematics ----------------- None Robot Schematics ------------------ None Fabricated ------------ Nothing Alien Tech Used ----------------- None Achievements -------------- None Challenges ------------ None Game ------ Seed MetafieldTacticalRailgun Manual? 0 Play Time 00:14:35 Cumulative 179.3 hours Start 2022.04.02 @ 16:39:30 End 2022.04.06 @ 20:51:36 Sessions 2 Manual Loads 0 Difficulty Rogue Special Mode None Game No. 126 Rogue 126 Adventurer 0 Explorer 0 Win Type - Total 0 Types 0/0/0/0/0/0/0/0/0 Lore% 40 Gallery% 57 Achievement% 43 Wizard Run 0 Options --------- ASCII 0 Keyboard 1 Movement Numpad Keybinds 0 Fullscreen 1 Font 14/Terminus Map View 72x54 Tactical HUD 1 Map Filters NONE Filters NONE Steam 1 RUN: 97ff47e7-5d44-451d-90ec-5a5a39d861ab